| TOP OF THE 1ST |
|
Billings Mustangs batting - Pitching for Johnson City Cardinals : LHP Craig Soole
|
|
Pitching: LHP Craig Soole
|
|
|
Batting: SHB David Garnica
|
0-0: Ball 1-0: Ball 2-0: Ball 3-0: Called Strike 3-1: SOLO HOME RUN (Flyball, 7D, EV 98.1 MPH), Distance : 379 ft
|
|
Batting: RHB Chris Christaldi
|
0-0: Ball 1-0: Ball 2-0: Ball 3-0: Called Strike 3-1: Base on Balls
|
|
Batting: RHB Andy Bachman
|
0-0: Ball Chris Christaldi is caught stealing 2nd base 2-4 1-0: Ball 2-0: Hit by Pitch
|
|
Batting: RHB Sang-ton Pak
|
0-0: SINGLE (Line Drive, 5D, EV 106.2 MPH) Andy Bachman to second
|
|
Batting: LHB Brian Dickeson
|
0-0: 3-RUN HOME RUN (Flyball, 7LD, EV 94.4 MPH), Distance : 358 ft
|
|
Batting: RHB Yutaka Sato
|
0-0: Called Strike 0-1: Ball 1-1: Foul Ball, location: 2F 1-2: Foul Ball, location: 2F 1-2: Ball 2-2: Foul Ball, location: 2F 2-2: Ball 3-2: Ground out 6-3 (Groundball, 6, EV 100.6 MPH)
|
|
Batting: SHB Gustavo Froio
|
0-0: Ball 1-0: Called Strike 1-1: Ground out 6-3 (Groundball, 6, EV 85.0 MPH)
|
| Top of the 1st over - 4 runs, 3 hits, 0 errors, 0 left on base; Billings 4 - Johnson City 0 |
| BOTTOM OF THE 1ST |
|
Johnson City Cardinals batting - Pitching for Billings Mustangs : RHP Jeff Buchanan
|
|
Pitching: RHP Jeff Buchanan
|
|
|
Batting: LHB Mike East
|
0-0: Called Strike 0-1: Ball 1-1: Swinging Strike 1-2: Foul Ball, location: 2F 1-2: Foul Ball, location: 2F 1-2: Strikes out swinging
|
|
Batting: SHB Justin Towry
|
0-0: Called Strike 0-1: Foul Ball, location: 2F 0-2: SOLO HOME RUN (Flyball, 9D, EV 101.2 MPH), Distance : 372 ft
|
|
Batting: LHB Ken Compton
|
0-0: SINGLE (Groundball, 6S, EV 68.8 MPH) (infield hit)
|
|
Batting: LHB Billy Lang
|
0-0: Ball 1-0: Ball 2-0: Called Strike 2-1: Fly out, F8 (Flyball, 8LD, EV 105.0 MPH)
|
|
Batting: RHB Geoff Musico
|
0-0: Ball Ken Compton is caught stealing 2nd base 2-4
|
| Bottom of the 1st over - 1 run, 2 hits, 0 errors, 0 left on base; Billings 4 - Johnson City 1 |
| TOP OF THE 2ND |
|
Billings Mustangs batting - Pitching for Johnson City Cardinals : LHP Craig Soole
|
|
Batting: RHB Mario Gomez
|
0-0: Swinging Strike 0-1: Swinging Strike 0-2: Ball 1-2: Foul Ball, location: 2F 1-2: Foul Ball, location: 2F 1-2: Strikes out swinging
|
|
Batting: RHB Al Blanchard
|
0-0: Called Strike 0-1: Swinging Strike 0-2: Ball 1-2: Ball 2-2: Fly out, F8 (Line Drive, 8LXD, EV 108.1 MPH)
|
|
Batting: SHB David Garnica
|
0-0: Ball 1-0: Ball 2-0: Ball 3-0: Called Strike 3-1: Swinging Strike 3-2: Foul Ball, location: 2F 3-2: Foul Ball, location: 2F 3-2: Foul Ball, location: 2F 3-2: Foul Ball, location: 2F 3-2: Base on Balls
|
|
Batting: RHB Chris Christaldi
|
0-0: Ball David Garnica is caught stealing 2nd base 2-4
|
| Top of the 2nd over - 0 runs, 0 hits, 0 errors, 0 left on base; Billings 4 - Johnson City 1 |
| BOTTOM OF THE 2ND |
|
Johnson City Cardinals batting - Pitching for Billings Mustangs : RHP Jeff Buchanan
|
|
Batting: RHB Geoff Musico
|
0-0: Swinging Strike 0-1: Swinging Strike 0-2: Strikes out looking
|
|
Batting: RHB Kyle Burns
|
0-0: Called Strike 0-1: Fly out, F8 (Flyball, 8LD, EV 94.4 MPH)
|
|
Batting: RHB Bobby Miles
|
0-0: Fly out, F9 (Flyball, 9, EV 82.5 MPH)
|
| Bottom of the 2nd over - 0 runs, 0 hits, 0 errors, 0 left on base; Billings 4 - Johnson City 1 |
| TOP OF THE 3RD |
|
Billings Mustangs batting - Pitching for Johnson City Cardinals : LHP Craig Soole
|
|
Batting: RHB Chris Christaldi
|
0-0: Ball 1-0: Called Strike 1-1: Foul Ball, location: 2F 1-2: SINGLE (Groundball, 6MD, EV 97.5 MPH)
|
|
Batting: RHB Andy Bachman
|
0-0: Ball 1-0: Ball 2-0: Ball Chris Christaldi is caught stealing 2nd base 2-4 3-0: Base on Balls
|
|
Batting: RHB Sang-ton Pak
|
0-0: Called Strike Andy Bachman is caught stealing 2nd base 2-4 0-1: Fly out, F6 (Line Drive, 6M, EV 75.0 MPH)
|
| Top of the 3rd over - 0 runs, 1 hit, 0 errors, 0 left on base; Billings 4 - Johnson City 1 |
| BOTTOM OF THE 3RD |
|
Johnson City Cardinals batting - Pitching for Billings Mustangs : RHP Jeff Buchanan
|
|
Batting: RHB Edgar Klockow
|
0-0: Called Strike 0-1: SOLO HOME RUN (Line Drive, 7D, EV 96.2 MPH), Distance : 388 ft
|
|
Batting: RHB Sam Daw
|
0-0: Ball 1-0: Ball 2-0: Ball 3-0: Called Strike 3-1: Called Strike 3-2: Base on Balls
|
|
Batting: LHB Mike East
|
0-0: Ball 1-0: Foul Ball, location: 2F 1-1: Swinging Strike 1-2: Foul Ball, location: 2F 1-2: Fielders Choice at 2nd, 4-6 (Groundball, 34S, EV 90.6 MPH)
|
|
Batting: SHB Justin Towry
|
0-0: Called Strike 0-1: Grounds into double play, 3-6-1 (Groundball, 3, EV 98.8 MPH)
|
| Bottom of the 3rd over - 1 run, 1 hit, 0 errors, 0 left on base; Billings 4 - Johnson City 2 |
| TOP OF THE 4TH |
|
Billings Mustangs batting - Pitching for Johnson City Cardinals : LHP Craig Soole
|
|
Batting: LHB Brian Dickeson
|
0-0: Foul Ball, location: 2F 0-1: Ball 1-1: Ball 2-1: Foul Ball, location: 2F 2-2: SOLO HOME RUN (Flyball, 78XD, EV 100.0 MPH), Distance : 407 ft
|
|
Batting: RHB Yutaka Sato
|
0-0: Called Strike 0-1: Foul Ball, location: 2F 0-2: Ball 1-2: Foul Ball, location: 2F 1-2: Ball 2-2: Foul Ball, location: 2F 2-2: Strikes out looking
|
|
Batting: SHB Gustavo Froio
|
0-0: Ball 1-0: Ball 2-0: Called Strike 2-1: Ball 3-1: SOLO HOME RUN (Flyball, 7LD, EV 90.0 MPH), Distance : 342 ft
|
|
Batting: RHB Mario Gomez
|
0-0: Called Strike 0-1: Ground out 5-3 (Groundball, 56S, EV 84.4 MPH)
|
|
Batting: RHB Al Blanchard
|
0-0: Swinging Strike 0-1: Ball 1-1: Foul Ball, location: 2F 1-2: Strikes out looking
|
| Top of the 4th over - 2 runs, 2 hits, 0 errors, 0 left on base; Billings 6 - Johnson City 2 |
| BOTTOM OF THE 4TH |
|
Johnson City Cardinals batting - Pitching for Billings Mustangs : RHP Jeff Buchanan
|
|
Batting: LHB Ken Compton
|
0-0: Swinging Strike 0-1: Called Strike 0-2: Foul Ball, location: 2F 0-2: Ball 1-2: Strikes out looking
|
|
Batting: LHB Billy Lang
|
0-0: Ball 1-0: Foul Ball, location: 2F 1-1: Ball 2-1: Ball 3-1: Base on Balls
|
|
Batting: RHB Geoff Musico
|
0-0: Ball 1-0: Ball 2-0: DOUBLE (Flyball, 8LXD, EV 88.1 MPH) Billy Lang to third
|
|
Pitching: RHP Joe Green
|
|
|
Batting: RHB Kyle Burns
|
0-0: Fly out, F8 (Flyball, 8LD, EV 100.6 MPH) Runner from 3rd tags up, SCORES, throw by CF Geoff Musico to third
|
|
Batting: RHB Bobby Miles
|
0-0: Called Strike 0-1: Ball 1-1: Ball 2-1: SINGLE (Line Drive, 34D, EV 100.0 MPH) Geoff Musico scores
|
|
Batting: RHB Edgar Klockow
|
0-0: Ground out 6-3 (Groundball, P, EV 83.1 MPH)
|
| Bottom of the 4th over - 2 runs, 2 hits, 0 errors, 1 left on base; Billings 6 - Johnson City 4 |
| TOP OF THE 5TH |
|
Billings Mustangs batting - Pitching for Johnson City Cardinals : LHP Craig Soole
|
|
Batting: SHB David Garnica
|
0-0: Ball 1-0: Ball 2-0: Foul Ball, location: 2F 2-1: Foul Ball, location: 2F 2-2: SOLO HOME RUN (Flyball, 89XD, EV 111.2 MPH), Distance : 416 ft
|
|
Batting: RHB Chris Christaldi
|
0-0: Foul Ball, location: 2F 0-1: Ball 1-1: Swinging Strike 1-2: Ball 2-2: Foul Ball, location: 2F 2-2: Ball 3-2: Base on Balls
|
|
Pitching: LHP Heriberto Flores
|
|
|
Batting: RHB Andy Bachman
|
0-0: Called Strike 0-1: Called Strike 0-2: Ball 1-2: Foul Ball, location: 2F 1-2: Ball 2-2: Ball 3-2: Foul Ball, location: 2F 3-2: SINGLE (Groundball, 34S, EV 85.6 MPH) (infield hit) Chris Christaldi to second
|
|
Batting: RHB Sang-ton Pak
|
0-0: Ball 1-0: Foul Ball, location: 2F 1-1: Called Strike 1-2: Ball 2-2: Ball 3-2: Base on Balls Chris Christaldi to third Andy Bachman to second
|
|
Batting: LHB Brian Dickeson
|
0-0: Called Strike 0-1: Ball 1-1: Ball 2-1: Ball 3-1: Base on Balls Chris Christaldi scores Andy Bachman to third Sang-ton Pak to second
|
|
Pitching: RHP Jim Morse
|
|
|
Batting: RHB Yutaka Sato
|
0-0: GRAND SLAM HOME RUN (Flyball, 7D, EV 106.2 MPH), Distance : 417 ft
|
|
Batting: SHB Gustavo Froio
|
0-0: Ball 1-0: Called Strike 1-1: Swinging Strike 1-2: Foul Ball, location: 2F 1-2: Strikes out swinging
|
|
Batting: RHB Mario Gomez
|
0-0: Called Strike 0-1: Ball 1-1: Ground out U3 (Groundball, 3L, EV 88.8 MPH)
|
|
Batting: RHB Al Blanchard
|
0-0: Foul Ball, location: 2F 0-1: Ball 1-1: Ball 2-1: Ball 3-1: Base on Balls
|
|
Batting: SHB David Garnica
|
0-0: Ball 1-0: Ball 2-0: Foul Ball, location: 2F 2-1: Called Strike 2-2: 2-RUN HOME RUN (Flyball, 7LD, EV 93.8 MPH), Distance : 355 ft
|
|
Pitching: LHP Andy Fitzsimmons
|
|
|
Batting: RHB Chris Christaldi
|
0-0: Called Strike 0-1: Called Strike 0-2: Strikes out swinging, 2-3 out at first.
|
| Top of the 5th over - 8 runs, 4 hits, 0 errors, 0 left on base; Billings 14 - Johnson City 4 |
| BOTTOM OF THE 5TH |
|
Johnson City Cardinals batting - Pitching for Billings Mustangs : RHP Joe Green
|
|
Batting: RHB Sam Daw
|
0-0: Called Strike 0-1: Foul Ball, location: 2F 0-2: Ball 1-2: Strikes out looking
|
|
Batting: LHB Mike East
|
0-0: Called Strike 0-1: Foul Ball, location: 2F 0-2: Strikes out swinging
|
|
Batting: SHB Justin Towry
|
0-0: Swinging Strike 0-1: Foul Ball, location: 2F 0-2: Ball 1-2: Foul Ball, location: 2F 1-2: Ball 2-2: Foul Ball, location: 2F 2-2: SINGLE (Groundball, 34D, EV 92.5 MPH) (infield hit)
|
|
Pitching: LHP Armando Arellano
|
|
|
Batting: LHB Ken Compton
|
0-0: Ball Justin Towry steals 2nd base 1-0: Ball 2-0: Swinging Strike 2-1: Swinging Strike 2-2: Ball 3-2: Base on Balls
|
|
Batting: LHB Billy Lang
|
0-0: Ball 1-0: Ball 2-0: Foul Ball, location: 2F 2-1: Ball 3-1: Base on Balls Justin Towry to third Ken Compton to second
|
|
Batting: RHB Geoff Musico
|
0-0: Called Strike 0-1: GRAND SLAM HOME RUN (Flyball, 78XD, EV 101.2 MPH), Distance : 417 ft
|
|
Batting: RHB Kyle Burns
|
0-0: Foul Ball, location: 2F 0-1: Ball 1-1: Foul Ball, location: 2F 1-2: Foul Ball, location: 2F 1-2: SINGLE (Line Drive, 4MD, EV 101.9 MPH)
|
|
Batting: RHB Bobby Miles
|
0-0: Ball 1-0: Fly out, F8 (Flyball, 89M, EV 91.9 MPH)
|
| Bottom of the 5th over - 4 runs, 3 hits, 0 errors, 1 left on base; Billings 14 - Johnson City 8 |
| TOP OF THE 6TH |
|
Billings Mustangs batting - Pitching for Johnson City Cardinals : LHP Andy Fitzsimmons
|
|
Batting: RHB Andy Bachman
|
0-0: DOUBLE (Line Drive, 8RXD, EV 108.8 MPH)
|
|
Batting: RHB Sang-ton Pak
|
0-0: Called Strike 0-1: Foul Ball, location: 2F 0-2: Ball 1-2: SINGLE (Groundball, 6MS, EV 63.1 MPH) (infield hit) Andy Bachman to third
|
|
Batting: LHB Brian Dickeson
|
0-0: Ball Wild Pitch! Andy Bachman scores Sang-ton Pak to second 1-0: Called Strike 1-1: Ball 2-1: Ball 3-1: Foul Ball, location: 2F 3-2: Foul Ball, location: 2F 3-2: Base on Balls
|
|
Batting: RHB Yutaka Sato
|
0-0: Ball 1-0: Called Strike 1-1: Swinging Strike 1-2: Ball 2-2: Ball 3-2: Grounds into double play, 6-4-3 (Groundball, 6, EV 106.2 MPH) Sang-ton Pak to third
|
|
Batting: SHB Gustavo Froio
|
0-0: Called Strike 0-1: Ground out 6-3 (Groundball, 6, EV 87.5 MPH)
|
| Top of the 6th over - 1 run, 2 hits, 0 errors, 1 left on base; Billings 15 - Johnson City 8 |
| BOTTOM OF THE 6TH |
|
Johnson City Cardinals batting - Pitching for Billings Mustangs : LHP Armando Arellano
|
|
Batting: RHB Edgar Klockow
|
0-0: Foul Ball, location: 2F 0-1: Ball 1-1: Ball 2-1: Ball 3-1: Foul Ball, location: 2F 3-2: Base on Balls
|
|
Batting: RHB Sam Daw
|
0-0: Called Strike Edgar Klockow steals 2nd, throwing error, E2 Edgar Klockow to third 0-1: Fly out, F9 (Flyball, 9S, EV 94.4 MPH)
|
|
Pinch Hitting: RHB Nick Latulippe
|
0-0: Swinging Strike 0-1: Reached on error, E6 (Groundball, 6, EV 106.2 MPH) Edgar Klockow scores
|
|
Batting: SHB Justin Towry
|
0-0: Ball 1-0: Foul Ball, location: 2F 1-1: Ball 2-1: Ball 3-1: DOUBLE (Flyball, 78XD, EV 104.4 MPH) Nick Latulippe to third
|
|
Batting: LHB Ken Compton
|
0-0: Ball 1-0: Ground out 4-3 (Groundball, 4S, EV 85.0 MPH) Nick Latulippe scores Justin Towry to third
|
|
Batting: LHB Billy Lang
|
0-0: Foul Ball, location: 2F 0-1: Ball 1-1: SINGLE (Line Drive, 4MD, EV 99.4 MPH) Justin Towry scores
|
|
Batting: RHB Geoff Musico
|
0-0: Ball 1-0: Ball 2-0: Ball 3-0: Base on Balls Billy Lang to second
|
|
Batting: RHB Kyle Burns
|
0-0: Ball 1-0: Foul Ball, location: 2F 1-1: DOUBLE (Groundball, 3L, EV 110.6 MPH) Billy Lang scores Geoff Musico to third Runner from 3rd tries for Home, SAFE, throw by RF to trailing runner, SAFE at third!
|
|
Pitching: LHP Fred Barbour
|
|
|
Batting: RHB Bobby Miles
|
0-0: Called Strike 0-1: TRIPLE (Line Drive, 89XD, EV 105.0 MPH) Kyle Burns scores
|
|
Batting: RHB Edgar Klockow
|
0-0: Called Strike 0-1: Ground out 5-3 (Groundball, 56S, EV 83.8 MPH)
|
| Bottom of the 6th over - 6 runs, 4 hits, 2 errors, 1 left on base; Billings 15 - Johnson City 14 |
| TOP OF THE 7TH |
|
Billings Mustangs batting - Pitching for Johnson City Cardinals : LHP Andy Fitzsimmons
|
|
Now at 3B: Nick Latulippe
|
|
|
Now in RF: Sam Daw
|
|
|
Batting: RHB Mario Gomez
|
0-0: Swinging Strike 0-1: TRIPLE (Groundball, 3L, EV 100.6 MPH)
|
|
Batting: RHB Al Blanchard
|
0-0: Called Strike 0-1: Foul Ball, location: 2F 0-2: Ball 1-2: Ball 2-2: Strikes out swinging
|
|
Batting: SHB David Garnica
|
0-0: Ball 1-0: Ball 2-0: Ball 3-0: Base on Balls
|
|
Batting: RHB Chris Christaldi
|
0-0: Ball 1-0: Ball 2-0: Ball 3-0: Base on Balls David Garnica to second
|
|
Batting: RHB Andy Bachman
|
0-0: Ball 1-0: Ball 2-0: Foul Ball, location: 2F 2-1: TRIPLE (Flyball, 89XD, EV 101.2 MPH) Mario Gomez scores David Garnica scores Chris Christaldi scores
|
|
Batting: RHB Sang-ton Pak
|
0-0: Foul Ball, location: 2F 0-1: Ball Wild Pitch! Andy Bachman scores 1-1: Ball 2-1: Ball 3-1: SINGLE (Line Drive, 89S, EV 93.8 MPH)
|
|
Batting: LHB Brian Dickeson
|
0-0: Called Strike 0-1: Ball Sang-ton Pak steals 2nd base 1-1: Ball 2-1: Called Strike 2-2: Ball 3-2: Foul Ball, location: 2F 3-2: Foul Ball, location: 2F 3-2: Foul Ball, location: 2F 3-2: Foul Ball, location: 2F 3-2: Base on Balls
|
|
Batting: RHB Yutaka Sato
|
0-0: Ball 1-0: Ball 2-0: Ball 3-0: Called Strike 3-1: Base on Balls Sang-ton Pak to third Brian Dickeson to second
|
|
Pitching: RHP Norietsu Higashi
|
|
|
Batting: SHB Gustavo Froio
|
0-0: Ball 1-0: Called Strike 1-1: SINGLE (Groundball, 4MD, EV 103.8 MPH) (infield hit) Sang-ton Pak scores Brian Dickeson to third Yutaka Sato to second
|
|
Batting: RHB Mario Gomez
|
0-0: Called Strike 0-1: Foul Ball, location: 2F 0-2: Foul Ball, location: 2F 0-2: Ball 1-2: Ball 2-2: Strikes out swinging
|
|
Batting: RHB Jake Savell
|
0-0: Ball 1-0: Called Strike 1-1: Ball 2-1: Called Strike 2-2: Ball 3-2: Foul Ball, location: 2F 3-2: Base on Balls Brian Dickeson scores Yutaka Sato to third Gustavo Froio to second
|
|
Batting: SHB David Garnica
|
0-0: Ball 1-0: Ball 2-0: Called Strike 2-1: Swinging Strike 2-2: Foul Ball, location: 2F 2-2: Ball 3-2: Foul Ball, location: 2F 3-2: Base on Balls Yutaka Sato scores Gustavo Froio to third Jake Savell to second
|
|
Batting: RHB Chris Christaldi
|
0-0: Called Strike 0-1: Fly out, F3 (Popup, 3F, EV 61.2 MPH)
|
| Top of the 7th over - 7 runs, 4 hits, 0 errors, 3 left on base; Billings 22 - Johnson City 14 |
| BOTTOM OF THE 7TH |
|
Johnson City Cardinals batting - Pitching for Billings Mustangs : LHP Fred Barbour
|
|
Batting: RHB Sam Daw
|
0-0: Ball 1-0: Ball 2-0: Ball 3-0: Called Strike 3-1: Base on Balls
|
|
Pinch Hitting: RHB Diego Herrera
|
0-0: Ball 1-0: Fly out, F8 (Flyball, 8LD, EV 95.6 MPH)
|
|
Batting: SHB Justin Towry
|
0-0: Ball Sam Daw steals 2nd base (no throw) 1-0: Ground out 5-3 (Groundball, 56S, EV 85.6 MPH)
|
|
Batting: LHB Ken Compton
|
0-0: Ground out 6-3 (Groundball, 6, EV 93.8 MPH)
|
| Bottom of the 7th over - 0 runs, 0 hits, 0 errors, 1 left on base; Billings 22 - Johnson City 14 |
| TOP OF THE 8TH |
|
Billings Mustangs batting - Pitching for Johnson City Cardinals : RHP Norietsu Higashi
|
|
Now at 3B: Sam Daw
|
|
|
Now in RF: Diego Herrera
|
|
|
Batting: RHB Andy Bachman
|
0-0: Called Strike 0-1: DOUBLE (Flyball, 8RXD, EV 104.4 MPH)
|
|
Batting: RHB Sang-ton Pak
|
0-0: Called Strike 0-1: Called Strike 0-2: Strikes out swinging
|
|
Batting: LHB Brian Dickeson
|
0-0: Ball 1-0: Swinging Strike 1-1: Ground out 4-3 (Groundball, 34D, EV 80.6 MPH) Andy Bachman to third
|
|
Batting: RHB Yutaka Sato
|
0-0: Ball 1-0: Foul Ball, location: 2F 1-1: Foul Ball, location: 2F 1-2: Ball 2-2: Foul Ball, location: 2F 2-2: Foul Ball, location: 2F 2-2: Foul Ball, location: 2F 2-2: Strikes out swinging
|
| Top of the 8th over - 0 runs, 1 hit, 0 errors, 1 left on base; Billings 22 - Johnson City 14 |
| BOTTOM OF THE 8TH |
|
Johnson City Cardinals batting - Pitching for Billings Mustangs : LHP Fred Barbour
|
|
Batting: LHB Billy Lang
|
0-0: Ball 1-0: Called Strike 1-1: Foul Ball, location: 2F 1-2: Ball 2-2: Ball 3-2: Base on Balls
|
|
Batting: RHB Geoff Musico
|
0-0: Foul Ball, location: 2F 0-1: Ball Wild Pitch! Billy Lang to second 1-1: Foul Ball, location: 2F 1-2: Ball Wild Pitch! Billy Lang to third 2-2: Foul Ball, location: 2F 2-2: Ball 3-2: Foul Ball, location: 2F 3-2: 2-RUN HOME RUN (Flyball, 9LD, EV 90.6 MPH), Distance : 335 ft
|
|
Batting: RHB Kyle Burns
|
0-0: Ball 1-0: Called Strike 1-1: SINGLE (Groundball, 4D, EV 100.6 MPH)
|
|
Batting: RHB Bobby Miles
|
0-0: Ball 1-0: Fly out, F4 (Popup, 4, EV 55.0 MPH)
|
|
Batting: RHB Edgar Klockow
|
0-0: Fly out, F7 (Flyball, 7LD, EV 102.5 MPH)
|
|
Batting: RHB Sam Daw
|
0-0: Ball 1-0: Ball 2-0: Ball 3-0: Base on Balls Kyle Burns to second
|
|
Pinch Hitting: RHB Alex Melgoza
|
0-0: Foul Ball, location: 2F 0-1: SINGLE (Line Drive, 9LS, EV 105.6 MPH) Kyle Burns to third Sam Daw to second
|
|
Batting: SHB Justin Towry
|
0-0: Foul Ball, location: 2F 0-1: Ball 1-1: Ball 2-1: Fielders Choice at 2nd, 5-4 (Groundball, 56, EV 95.6 MPH)
|
| Bottom of the 8th over - 2 runs, 3 hits, 0 errors, 3 left on base; Billings 22 - Johnson City 16 |
| TOP OF THE 9TH |
|
Billings Mustangs batting - Pitching for Johnson City Cardinals : RHP Norietsu Higashi
|
|
Now at 1B: Alex Melgoza
|
|
|
Now in RF: Billy Lang
|
|
|
Batting: SHB Gustavo Froio
|
0-0: Ball 1-0: Ball 2-0: Called Strike 2-1: Foul Ball, location: 2F 2-2: Ground out 4-3 (Groundball, 4, EV 80.0 MPH)
|
|
Batting: RHB Mario Gomez
|
0-0: Called Strike 0-1: Ball 1-1: Called Strike 1-2: Strikes out swinging
|
|
Batting: RHB Jake Savell
|
0-0: SOLO HOME RUN (Flyball, 78XD, EV 104.4 MPH), Distance : 421 ft
|
|
Batting: SHB David Garnica
|
0-0: Called Strike 0-1: SINGLE (Line Drive, 56D, EV 98.1 MPH)
|
|
Batting: RHB Chris Christaldi
|
0-0: Ball 1-0: Ball 2-0: Ball 3-0: Called Strike 3-1: Called Strike 3-2: 2-RUN HOME RUN (Flyball, 7LD, EV 89.4 MPH), Distance : 343 ft
|
|
Batting: RHB Andy Bachman
|
0-0: Ball 1-0: Ball 2-0: Ball 3-0: Called Strike 3-1: Base on Balls
|
|
Pitching: RHP Herbert Loveless
|
|
|
Batting: RHB Sang-ton Pak
|
0-0: Called Strike 0-1: Ball 1-1: Ball Balk! Andy Bachman to second 2-1: Ball 3-1: Called Strike 3-2: Base on Balls
|
|
Batting: LHB Brian Dickeson
|
0-0: Ball 1-0: Ball 2-0: Called Strike 2-1: Ball 3-1: Base on Balls Andy Bachman to third Sang-ton Pak to second
|
|
Batting: RHB Yutaka Sato
|
0-0: Called Strike 0-1: Foul Ball, location: 2F 0-2: Ball 1-2: Fly out, F4 (Flyball, 4MD, EV 89.4 MPH)
|
| Top of the 9th over - 3 runs, 3 hits, 0 errors, 3 left on base; Billings 25 - Johnson City 16 |
| BOTTOM OF THE 9TH |
|
Johnson City Cardinals batting - Pitching for Billings Mustangs : LHP Fred Barbour
|
|
Batting: LHB Ken Compton
|
0-0: Foul Ball, location: 2F 0-1: Swinging Strike 0-2: Foul Ball, location: 2F 0-2: Ball 1-2: Ball 2-2: Ball 3-2: Base on Balls
|
|
Batting: LHB Billy Lang
|
0-0: Called Strike 0-1: Fielders Choice at 2nd, 3-6 (Groundball, 13, EV 89.4 MPH)
|
|
Batting: RHB Geoff Musico
|
0-0: Ball 1-0: Foul Ball, location: 2F 1-1: Foul Ball, location: 2F 1-2: Hit by Pitch Billy Lang to second
|
|
Batting: RHB Kyle Burns
|
0-0: Ball 1-0: Ball 2-0: Called Strike 2-1: Foul Ball, location: 2F 2-2: Ball 3-2: Reached on error, E4 (Groundball, 4, EV 90.0 MPH) Billy Lang to third Geoff Musico to second
|
|
Pitching: RHP Elijah Benton
|
|
|
Batting: RHB Bobby Miles
|
0-0: Called Strike 0-1: Ball 1-1: Foul Ball, location: 2F 1-2: Fielders Choice at 2nd, 6-4 (Groundball, 56, EV 88.8 MPH) Billy Lang scores Geoff Musico to third
|
|
Batting: RHB Edgar Klockow
|
0-0: Called Strike 0-1: Ball 1-1: Fly out, F7 (Flyball, 7S, EV 91.2 MPH)
|
| Bottom of the 9th over - 1 run, 0 hits, 1 error, 2 left on base; Billings 25 - Johnson City 17 |
|